 Dungeon Crawl Stone Soup version 0.14-a0-2679-gcb94c3d (webtiles) character file.

78 MirrMurr the Sneak (level 3, 0/16 HPs)
             Began as a Spriggan Enchanter on Feb 17, 2014.
             Slain by a hobgoblin
             ... wielding a +0,+0 club
              (2 damage)
             ... on Level 2 of the Dungeon.
             The game lasted 00:05:39 (2512 turns).

MirrMurr the Sneak (Spriggan Enchanter)             Turns: 2512, Time: 00:05:39

HP   0/16        AC  3     Str  5      XL: 3   Next: 41%
MP   9/9         EV 18     Int 16      God:
Gold 34          SH  0     Dex 16      Spells:  3 memorised,  1 level left

rFire  . . .     SeeInvis +     a - +1 dagger
rCold  . . .     Clarity  .     b - +1 robe
rNeg   . . .     Conserve .     (shield restricted)
rPois  .         rCorr    .     (helmet restricted)
rElec  .         rRot     .     (no cloak)
SustAb . .       Spirit   .     (gloves unavailable)
rMut   .         Warding  .     (boots unavailable)
Saprov . . .     Stasis   .     (no amulet)
MR     .....                    (no ring)
                                (no ring)

@: very quick, not resistant to hostile enchantments, quite stealthy
A: unfitting armour, see invisible, herbivore 3, speed 3, slow metabolism 2
a: no special abilities


You were on level 2 of the Dungeon.
You were not hungry.

You visited 1 branch of the dungeon, and saw 2 of its levels.

You collected 34 gold pieces.

Inventory:

Hand weapons
 a - a +1,+1 dagger (weapon)
Missiles
 d - 22 darts (quivered)
 i - 15 poisoned needles
 k - 14 exploding darts
 l - 3 poisoned darts
 n - 20 stones
 r - 28 sling bullets
Armour
 b - a +1 robe (worn)
Scrolls
 f - a scroll of identify {unknown}
 g - a scroll of teleportation {unknown}
 j - a scroll of blinking {unknown}
 m - a scroll of curse armour {unknown}
 o - a scroll of immolation {unknown}
Potions
 e - a potion of porridge
 h - a potion of cure mutation {unknown}
 p - a potion of invisibility {unknown}
 q - a potion of curing {unknown}
Books
 c - a book of Maledictions

   Spells                             Type                      Level
   *Corona                            Hexes                        1
   Sure Blade                         Hexes/Charms                 2
   *Ensorcelled Hibernation           Hexes/Ice                    2
   *Confuse                           Hexes                        3
   Enslavement                        Hexes                        4
   Invisibility                       Hexes                        6


   Skills:
 + Level 1.5 Short Blades
 - Level 1.1 Throwing
 - Level 3.0 Dodging
 + Level 5.8 Stealth
 - Level 2.6 Spellcasting
 - Level 3.6 Hexes


You had one spell level left.
You knew the following spells:

 Your Spells              Type           Power        Failure   Level  Hunger
a - Ensorcelled Hibernat  Hex/Ice        #.....       17%         2    ##.....
b - Confuse               Hex            ##......     14%         3    ###....
Z - Corona                Hex            ##.....      6%          1    #......


Dungeon Overview and Level Annotations

Branches:
Dungeon (2/16)

Altars:


Innate Abilities, Weirdness & Mutations

You are tiny and cannot use many weapons and most armour.
You have supernaturally acute eyesight.
You are a herbivore.
You cover ground extremely quickly.
You need consume almost no food.


Message History

The hobgoblin is heavily wounded.
The hobgoblin hits you but does no damage.
You hit the hobgoblin but do no damage.
The hobgoblin is heavily wounded.
The hobgoblin barely misses you.
You hit the hobgoblin.
The hobgoblin is almost dead.
The hobgoblin hits you with a club.
* * * LOW HITPOINT WARNING * * *
You are too injured to fight recklessly!
You hit the hobgoblin but do no damage.
The hobgoblin is almost dead.
The hobgoblin hits you with a club.
* * * LOW HITPOINT WARNING * * *
You hit the hobgoblin but do no damage.
The hobgoblin is almost dead.
You hit the hobgoblin but do no damage.
The hobgoblin is almost dead.
The hobgoblin hits you with a club.
You die...

##. ...... .......
...... ....# ...#
..######> #g..#...#
#@..#...# # #.......#
#.#.##.......####
#................
#........#...### #.
..............# .#.
...#.#........# #.#'#
........#.#######.#....
♣≈♣..............#....


You could see a hobgoblin.

Vanquished Creatures
  A gnoll (D:2)
  A giant mite (D:2)
  2 giant geckos
  An ooze (D:2)
  3 giant cockroaches (D:1)
  2 goblins
  6 hobgoblins
  3 bats (D:1)
  3 giant newts (D:1)
  3 kobolds
  4 rats
  A plant (D:2)
30 creatures vanquished.

Notes
Turn   | Place    | Note
--------------------------------------------------------------
     0 | D:1      | MirrMurr, the Spriggan Enchanter, began the quest for the Orb.
     0 | D:1      | Reached XP level 1. HP: 9/9 MP: 4/4
   490 | D:1      | Reached skill level 4 in Stealth
   833 | D:1      | Reached XP level 2. HP: 13/13 MP: 7/7
   837 | D:1      | Learned a level 2 spell: Ensorcelled Hibernation
  1582 | D:1      | Reached skill level 5 in Stealth
  1812 | D:2      | Reached XP level 3. HP: 16/16 MP: 9/9
  1821 | D:2      | Learned a level 3 spell: Confuse
  2512 | D:2      | Slain by a hobgoblin

Action                   || total
-------------------------++-------
Melee: Dagger            ||   261
Throw: Dart              ||    28
 Cast: Corona            ||     3
       Ensorcelled Hiber ||     3
       Confuse           ||     1
 Stab: Sleeping          ||     5
